 Dungeon Crawl Stone Soup version 0.29.0-11-gd7f09526c8 (webtiles) character file.

Game seed: 13033821798038515447

63 greasedhog the Sneak (level 3, -1/22 HPs)
             Began as a Vampire Abyssal Knight on Sept 2, 2022.
             Was a Priest of Lugonu.
             Slain by a gnoll
             ... wielding a +0 whip
              (3 damage)
             ... on level 1 of the Dungeon.
             The game lasted 00:01:14 (1042 turns).

greasedhog the Sneak (Vampire Abyssal Knight)       Turns: 1042, Time: 00:01:14

Health: -1/22      AC:  3    Str: 12    XL:     3   Next: 89%
Magic:  4/4        EV: 12    Int: 12    God:    Lugonu [***...]
Gold:   104        SH:  0    Dex: 16    Spells: 2/2 levels left

rFire   . . .      SeeInvis +   i - +2 dagger (elec)
rCold   + + .      Faith    .   (no shield)
rNeg    + + +      Spirit   .   b - +0 leather armour
rPois   ∞          Reflect  .   (no helmet)
rElec   .          Harm     .   (no cloak)
rCorr   .          Rampage  .   (no gloves)
Will    .....                   (no boots)
Stlth   ++++......              (no amulet)
HPRegen 0.00/turn               (no ring)
MPRegen 0.09/turn               (no ring)

@: bloodless, inhibited regen
A: bloodless, fangs 3, see invisible, vampiric 2
a: Bat Form, Revivify, Renounce Religion, Depart the Abyss, Bend Space, Banish


You were on level 1 of the Dungeon.
You worshipped Lugonu.
Lugonu was most pleased with you.
You visited 1 branch of the dungeon, and saw 2 of its levels.
You visited the Abyss 1 time.

You collected 104 gold pieces.

Inventory:

Hand Weapons
 a - a +1 short sword
 i - a +2 dagger of electrocution (weapon)
Armour
 b - a +0 leather armour (worn)
Scrolls
 c - 3 scrolls of immolation {unknown}
 e - a scroll of noise {unknown}
 f - a scroll of teleportation {unknown}
 l - a scroll of identify {unknown}
Potions
 d - a potion of degeneration {unknown}
 g - 2 potions of mutation {unknown}
 h - a potion of might {unknown}
 j - a potion of berserk rage {unknown}
 k - a potion of heal wounds {unknown}


   Skills:
 - Level 2.6 Fighting
 * Level 3.6 Short Blades
 - Level 0.7 Armour
 - Level 2.1 Dodging
 * Level 3.9 Stealth
 - Level 1.5 Invocations


You had 2 spell levels left.
You didn't know any spells.
Your spell library was empty.

Dungeon Overview and Level Annotations

Branches:
Dungeon (2/15)

Altars:


Innate Abilities, Weirdness & Mutations

You do not regenerate when monsters are visible.
You are frail without blood (-20% HP).
You can heal yourself when you bite living creatures.
You are immune to poison.
You have razor-sharp teeth.
You have supernaturally acute eyesight. (SInv)
You are afflicted with vampirism and can become a bat while bloodless.


Message History

Found an escape hatch in the ceiling.
A gnoll comes into view. It is wielding a +0 spear.
The gnoll shouts! x2
The gnoll barely misses you.
The gnoll shouts!
You hit the gnoll. Lightning courses through the gnoll!
You kill the gnoll!
Lugonu accepts your kill.
You hit the gnoll but do no damage. You closely miss the gnoll.
The gnoll hits you but does no damage. The gnoll closely misses you.
You closely miss the gnoll. Your bite misses the gnoll.
The gnoll barely misses you. The gnoll closely misses you.
The gnoll hits you with a +0 whip.
You barely miss the gnoll. The gnoll hits you but does no damage.
The gnoll hits you from afar with a +0 spear.
The gnoll closely misses you.
You are too injured to fight recklessly!
You are too injured to fight recklessly!
You are too injured to fight recklessly!
You are too injured to fight recklessly!
You are too injured to fight recklessly!
You are too injured to fight recklessly!
Unknown command.
The gnoll attacks as you move away! The gnoll completely misses you.
The gnoll barely misses you. The gnoll attacks as you move away!
The gnoll barely misses you. The gnoll attacks as you move away!
The gnoll hits you with a +0 whip. The gnoll attacks as you move away!
The gnoll barely misses you.
Found a stone staircase leading up.
Found an escape hatch in the floor.
Found a blue potion.
There is an escape hatch in the ceiling here.
The gnoll hits you with a +0 whip.
* * * LOW HITPOINT WARNING * * *
The gnoll hits you but does no damage. A mysterious force pulls you upwards.
The hatch slams shut behind you.
You hit the gnoll but do no damage. You closely miss the gnoll.
The gnoll hits you with a +0 whip.
You die...

#######
####.....#
#........#
#.##.##..######
#.##.#........#
#.##.....####.#
###.##.##..# #.##
#g.........# #...
#@###..##### ####
#.# #..#
#.###.###########
#..(..# #.......#
###.### #>......#
#.# #.......##
##.# #.........
#..# #.......##
#.## #.......#


You could see a gnoll.

Vanquished Creatures
  A gnoll (D:2)
  2 adders (D:2)
  A worm (D:2)
  4 bats
  5 endoplasms
  3 goblins (D:2)
  5 hobgoblins
  2 jackals (D:2)
  A kobold (D:1)
  3 ball pythons
  2 frilled lizards
  3 rats
32 creatures vanquished.

Notes
Turn   | Place    | Note
-------+----------+-------------------------------------------
     0 | Abyss:1  | greasedhog the Vampire Abyssal Knight began the quest for
                  | the Orb.
     0 | Abyss:1  | Reached XP level 1. HP: 17/17 MP: 2/2
     1 | D:1      | Escaped the Abyss
   192 | D:1      | Reached skill level 1 in Stealth
   342 | D:1      | Reached XP level 2. HP: 23/23 MP: 3/3
   874 | D:2      | Gained mutation: You are afflicted with vampirism and can
                  | become a bat while bloodless. [Vampire growth]
   874 | D:2      | Reached XP level 3. HP: 22/22 MP: 4/4
   915 | D:2      | Reached *** piety under Lugonu
  1042 | D:1      | Slain by a gnoll

Illustrated notes

Levels and vault maps discovered:
D:1:      onia_arrival_mini_spirals, layout_loops_cross
D:2:      layout_rooms, minmay_diced_spiral

Skill      XL: |  1  2 |
---------------+-------+-----
Stealth        | 1 3 |  3.9
Short Blades   | 3 |  3.6
Fighting       | |  2.6
Armour         | |  0.7
Dodging        | |  2.1
Invocations    | |  1.5

Action                   || total
-------------------------++-------
Melee: Short sword       ||    48
       Bite              ||     9
       Dagger            ||    33
Invok: Bend Space        ||     1
 Abil: Exsanguinate      ||     1
 Stab: Sleeping          ||     5
Armor: Leather armour    ||    23
Dodge: Dodged            ||    57
